 Dungeon Crawl Stone Soup version 0.25-a0-1056-g2efb326896 (webtiles) character file.

Game seed: 2563921841610771224, levelgen mode: deterministic

404 MisterFreud the Slasher (level 6, 0/43 HPs)
             Began as an Octopode Gladiator on May 13, 2020.
             Slain by a centaur (9 damage)
             ... on level 5 of the Dungeon.
             The game lasted 00:05:11 (4500 turns).

MisterFreud the Slasher (Octopode Gladiator)        Turns: 4500, Time: 00:05:12

Health: 0/43       AC:  2    Str: 22    XL:     6   Next: 86%
Magic:  6/6        EV: 15    Int: 13    God:
Gold:   183        SH:  0    Dex: 13    Spells: 5/5 levels left

rFire    . . .     SeeInvis .   a - +0 long sword
rCold    . . .     Gourm    .   (no shield)
rNeg     . . .     Faith    .   b - +1 hat
rPois    .         Spirit   .   (no amulet)
rElec    .         Reflect  .   i - +4 ring of strength
rCorr    .         Harm     .   (no ring)
MR       .....                  q - +5 ring of strength
Stlth    ++........             r - ring of flight
HPRegen  0.14/turn              (no ring)
MPRegen  0.10/turn              (no ring)
                                (no ring)
                                (no ring)

@: no status effects
A: almost no armour, stealthy swim, amphibious, 8 rings, constrict 8, camouflage
1, gelatinous body 1
a: Evoke Flight


You were on level 5 of the Dungeon.
You were very hungry.

You visited 1 branch of the dungeon, and saw 5 of its levels.

You collected 183 gold pieces.

Inventory:

Hand Weapons
 a - a +0 long sword (weapon)
Missiles
 c - 3 throwing nets (quivered)
Armour
 b - a +1 hat (worn)
Jewellery
 i - a +4 ring of strength (left tentacle)
 q - a +5 ring of strength (on tentacle)
 r - a ring of flight (on tentacle)
Scrolls
 g - a scroll of amnesia
 h - 2 scrolls of fear {unknown}
 m - 2 scrolls of fog
 o - a scroll of teleportation {unknown}
 s - a scroll of enchant weapon {unknown}
 t - 2 scrolls of remove curse
 u - 2 scrolls of enchant armour
 v - a scroll of blinking
 y - a scroll of magic mapping {unknown}
Potions
 e - a potion of curing
 f - a potion of experience {unknown}
 j - 2 potions of haste
 k - a potion of brilliance {unknown}
 l - a potion of invisibility
 p - a potion of might {unknown}
 w - a potion of degeneration
 x - a potion of stabbing {unknown}
 z - a potion of mutation {unknown}
Comestibles
 d - 11 rations


   Skills:
 - Level 4.0 Fighting
 - Level 6.0 Long Blades
 - Level 2.0 Throwing
 + Level 4.0 Dodging


You had 5 spell levels left.
You didn't know any spells.
Your spell library was empty.

Dungeon Overview and Level Annotations

Branches:
Dungeon (5/15)
 Temple: D:4-7

Altars:

Shops:
D:4 (


Innate Abilities, Weirdness & Mutations

You cannot wear most types of armour.
You are very stealthy in the water. (Stealth+)
You are amphibious.
You can wear up to eight rings at the same time.
You can use your tentacles to constrict eight enemies at once.
Your skin changes colour to match your surroundings (Stealth+).
Your rubbery body absorbs attacks. (AC +1, EV +1)


Message History

You riposte.
You closely miss the adder. Your grab misses the adder.
The adder is lightly wounded.
The centaur hits you.
* * * LOW HITPOINT WARNING * * *
Okay, then.
You barely miss the centaur.
The centaur is moderately wounded.
You feel sick. The adder misses you.
You riposte.
You slash the adder! You grab the adder. You squeeze the adder.
You kill the adder!
Your Dodging skill increases to level 4!
The centaur closely misses you.
You feel better. The centaur hits you. x2
* * * LOW HITPOINT WARNING * * *
You barely miss the centaur. You squeeze the centaur!
The centaur is severely wounded.
The centaur hits you.
* * * LOW HITPOINT WARNING * * *
The centaur hits you!
You die...

#............#
#....####....# #....#
#....# #....####....##
#.###.#.####..## #.#
##.#.# #...# #.# #.#.##
#...#
#########.####.#.###.#.#
......c@(((.(####....#.#
.#######.....# #.......
........####..รท...#
#####............#.#
##.#.#.#........
#.#.#.#...###.#
.............>.
#.#.#.......#.#
#######.#.#


You could see a centaur.

Vanquished Creatures
  A scorpion (D:5)
  A centaur zombie (D:5)
  A centaur skeleton (D:4)
  A hound (D:4)
  An orc wizard (D:3)
  2 hound skeletons
  4 gnolls (D:4)
  8 adders
  An ooze (D:1)
  An adder skeleton (D:4)
  5 worms
  4 leopard geckos
  6 orcs (D:3)
  7 bats
  2 giant cockroaches (D:3)
  10 hobgoblins
  8 jackals
  6 kobolds
  A quokka (D:3)
  2 frilled lizards
  6 goblins
  A leopard gecko skeleton (D:4)
  9 rats
88 creatures vanquished.

Notes
Turn   | Place    | Note
-------+----------+-------------------------------------------
     0 | D:1      | MisterFreud the Octopode Gladiator began the quest for the
                  | Orb.
     0 | D:1      | Reached XP level 1. HP: 14/14 MP: 1/1
     6 | D:1      | Reached XP level 2. HP: 19/20 MP: 2/2
   459 | D:1      | Reached XP level 3. HP: 23/26 MP: 3/3
   883 | D:1      | Noticed a formicid
   885 | D:1      | Noticed a demigod
   885 | D:1      | Noticed an octopode
   887 | D:1      | Noticed a spriggan
   889 | D:1      | Noticed an elf
   889 | D:1      | Noticed a centaur
   891 | D:1      | Noticed a vine stalker
   891 | D:1      | Noticed an ogre
   893 | D:1      | Noticed a troll
   893 | D:1      | Noticed a human
   895 | D:1      | Noticed a felid
  1388 | D:2      | Reached XP level 4. HP: 29/33 MP: 4/4
  2035 | D:3      | Reached skill level 4 in Long Blades
  2366 | D:3      | Reached XP level 5. HP: 17/37 MP: 5/5
  3043 | D:4      | Reached skill level 5 in Long Blades
  3122 | D:4      | Reached XP level 6. HP: 35/43 MP: 6/6
  3805 | D:4      | Found Xupiwup's Weapon Shoppe.
  4247 | D:5      | Entered Level 5 of the Dungeon
  4254 | D:5      | Reached skill level 6 in Long Blades
  4500 | D:5      | Slain by a centaur

Illustrated notes

Levels and vault maps discovered:
D:1:      kb_arrival_jail, layout_rooms
D:2:      layout_loops_cross, first_ration
D:3:      layout_loops_corners, grunt_ministairs_7, guppyfry_early_lair_pool
D:4:      layout_basic, serial_shops, shop_fountains,
          hangedman_abyss_or_decor_lesser_grid, chequers_serial_rivers_room_a
D:5:      layout_basic, minitemple, minmay_temple_entry_junction, minivault_24,
          minmay_manual_mess

Skill      XL: |  1  2  3  4  5  6 |
---------------+-------------------+-----
Fighting       | 3 4 |  4.0
Long Blades    | 4 5 6 |  6.0
Dodging        | 4 |  4.0
Throwing       | |  2.0

Action                   |  1- 3 |  4- 6 || total
-------------------------+-------+-------++-------
Melee: Long sword        |    54 |    97 ||   151
       Constrict         |    19 |    30 ||    49
       Tentacles         |     9 |    36 ||    45
  Use: Scroll            |     1 |     9 ||    10
       Potion            |       |     2 ||     2
 Stab: Sleeping          |     6 |     8 ||    14
  Eat: Chunk             |     1 |     9 ||    10
Armor: Skin              |     4 |     7 ||    11
Dodge: Dodged            |    50 |    66 ||   116
       Rpst.: Long sword |    13 |    19 ||    32

Table legend:
 A = Non-vault XP
 B = Vault XP
 C = Vault XP percentage of total XP
 D = Non-vault monster count
 E = Vault monster count
 F = Vault count percentage of total count
                 A         B        C        D         E       F
            +---------+---------+-------+---------+---------+-------
      Total |     576 |       2 |   0.3 |      86 |       2 |   2.3
            +---------+---------+-------+---------+---------+-------
        D:1 |      52 |       0 |   0.0 |      26 |       0 |   0.0
        D:2 |      47 |       0 |   0.0 |      16 |       0 |   0.0
        D:3 |     137 |       2 |   1.4 |      27 |       2 |   6.9
        D:4 |     184 |       0 |   0.0 |      12 |       0 |   0.0
        D:5 |     156 |       0 |   0.0 |       5 |       0 |   0.0
            +---------+---------+-------+---------+---------+-------
